 Dungeon Crawl Stone Soup version 0.28.0-43-g3370ac3207 (webtiles) character file.

Game seed: 14140370441783431722

196 Jimsonite the Bolt Thrower (level 6, 0/46 HPs)
             Began as a Human Hunter on Mar 1, 2022.
             Succumbed to a kobold's poison
             ... in a sewer.
             The game lasted 00:14:41 (3416 turns).

Jimsonite the Bolt Thrower (Human Hunter)           Turns: 3416, Time: 00:14:42

Health: 0/46       AC:  6    Str: 11 (13) XL:     6   Next: 4%
Magic:  6/6        EV: 11    Int:  9 (11) God:
Gold:   52         SH:  0    Dex: 14 (15) Spells: 5/5 levels left

rFire   . . .      SeeInvis .   l - +1 long sword (elec)
rCold   . . .      Faith    .   (no shield)
rNeg    . . .      Spirit   .   b - +0 ring mail
rPois   .          Reflect  .   (no helmet)
rElec   .          Harm     .   m - +0 cloak
rCorr   .          Rampage  .   (no gloves)
Will    .....                   (no boots)
Stlth   ++........              (no amulet)
HPRegen 0.15/turn               (no ring)
MPRegen 0.10/turn               (no ring)

@: lethally poisoned (0 -> -7), weak-willed
A: no striking features
a: no special abilities


You were in a sewer.
You visited 1 branch of the dungeon, and saw 3 of its levels.
You also visited: Sewer.

You collected 52 gold pieces.

Inventory:

Hand Weapons
 a - a +1 vorpal hand crossbow
 l - a +1 long sword of electrocution (weapon)
Missiles
 d - 28 bolts
Armour
 b - a +0 ring mail (worn)
 m - a +0 cloak (worn)
Jewellery
 n - an amulet of guardian spirit


   Skills:
 - Level 2.5 Fighting
 * Level 4.8 Crossbows
 * Level 2.3 Armour
 * Level 3.0 Dodging
 * Level 2.7 Stealth


You had 5 spell levels left.
You didn't know any spells.
Your spell library contained the following spells:

 Spells                   Type           Power      Damage    Failure   Level
 Slow                     Hex            0%         N/A       67%         1
 Confusing Touch          Hex            0%         N/A       96%         3
 Vampiric Draining        Necr           0%         2d6       96%         3


Dungeon Overview and Level Annotations

Branches:
Dungeon (3/15)              Sewer (1/1)

Altars:


Message History

As you read the scroll labelled YSKIRU MILOC, it crumbles to dust.
You assume a fearsome visage.
The kobold looks frightened! x5
It was a scroll of fear.
The kobold cries, "Oh dear!
Oh dear!"
You enter the shallow water.
Moving in this stuff is going to be slow.
Cornered, the kobold turns to fight!
You slash the rat!
You kill the rat!
Cornered, the kobold turns to fight!
Why would you want to do that?
You enter the shallow water.
Moving in this stuff is going to be slow.
The kobold throws a poisoned dart.
The poisoned dart hits you!
You are poisoned.
* * * LOW HITPOINT WARNING * * *
You feel very sick.
* * * LOW HITPOINT WARNING * * *
You feel sick.
* * * LOW HITPOINT WARNING * * *
You feel sick.
The kobold seems to regain its courage.
* * * LOW HITPOINT WARNING * * *
You feel sick.
* * * LOW HITPOINT WARNING * * *
You feel sick.
* * * LOW HITPOINT WARNING * * *
You feel sick.
You are no longer poisoned.
It was a potion of degeneration.
There was something very wrong with that liquid.
You feel weakened.
You feel dopey.
You feel clumsy.
Unknown command.
It was a potion of magic.
Magic courses through your body.
You slash the kobold!
You kill the kobold!
You slash the kobold!
You kill the kobold!
The kobold throws a poisoned dart.
The poisoned dart hits you!
You are lethally poisoned!
You die...

≈≈≈≈≈≈≈≈≈≈≈≈≈≈≈≈≈≈≈≈≈≈≈≈≈≈≈≈≈≈≈≈≈
≈≈≈≈≈≈≈≈≈≈≈≈≈≈≈≈≈≈≈≈≈≈≈≈≈≈≈≈≈≈≈≈≈
≈≈≈≈≈≈≈≈≈≈≈≈≈≈K.≈.≈..≈≈≈≈≈≈≈≈≈≈≈≈
≈≈≈≈≈≈≈≈≈≈≈≈≈≈≈........≈≈≈≈≈≈≈≈≈≈
≈≈≈≈..≈≈≈≈≈.≈≈........≈..≈.≈≈≈≈≈≈
≈.≈............).................
.................................
........##.......................
......#####.....@.##.............
#...######...##..#####......###..
##### #∩..#####..######...## ###
##### ##..∩# ##### #####


You could see a kobold (weak-willed).

Vanquished Creatures
  6 adders
  6 river rats (Sewer)
  2 worms
  2 dart slugs
  An orc (D:3)
  9 ball pythons
  3 bats
  4 endoplasms
  4 giant cockroaches
  2 goblins
  2 hobgoblins (D:1)
  2 quokkas
  4 frilled lizards (D:1)
  13 kobolds
  33 rats
93 creatures vanquished.

Notes
Turn   | Place    | Note
-------+----------+-------------------------------------------
     0 | D:1      | Jimsonite the Human Hunter began the quest for the Orb.
     0 | D:1      | Reached XP level 1. HP: 16/16 MP: 1/1
   186 | D:1      | Reached XP level 2. HP: 10/22 MP: 2/2
   526 | D:1      | Reached XP level 3. HP: 19/27 MP: 3/3
  1051 | D:2      | Reached skill level 1 in Armour
  1397 | D:2      | Reached XP level 4. HP: 33/33 MP: 4/4
  2255 | D:3      | Found a glowing drain.
  2260 | Sewer    | Entered a sewer
  2276 | Sewer    | Reached XP level 5. HP: 38/39 MP: 5/5
  3352 | Sewer    | Reached XP level 6. HP: 46/46 MP: 6/6
  3408 | Sewer    | HP: 2/46 [poisoned by a kobold]
  3416 | Sewer    | Succumbed to a kobold's poison

Illustrated notes

Levels and vault maps discovered:
D:1:      dpeg_arrival_more_subterranean_lakeside_camping, layout_basic,
          serial_corexii_hall, corexii_hall_statues_x, corexii_hall_statues_l,
          minmay_strange_pillars
D:2:      layout_loops_corners
D:3:      layout_loops_ring, gup_sewer_entry_spiral
Sewer:    sewer_minmay_treatment

Skill      XL: |  1  2  3  4  5 |
---------------+----------------+-----
Armour         | 1 2 |  2.3
Stealth        | 2 |  2.7
Dodging        | 3 |  3.0
Fighting       | |  2.5
Crossbows      | |  4.8

Action                   |  1- 3 |  4- 6 || total
-------------------------+-------+-------++-------
Melee: Short sword       |    60 |       ||    60
       Punch             |     1 |     2 ||     3
       Rapier            |     3 |       ||     3
       Long sword        |       |   145 ||   145
 Fire: Hand crossbow     |    31 |    30 ||    61
  Use: Scroll            |       |     8 ||     8
       Potion            |       |     2 ||     2
 Stab: Sleeping          |     2 |       ||     2
Armor: Leather armour    |    14 |       ||    14
       Ring mail         |       |    86 ||    86
Dodge: Dodged            |    40 |   146 ||   186
